AoeStats
← Element

Arena

508722243Analyzed
4v4 RM · 9d ago on Sep 23, 2026· 24m 16s· 8 players
Game mode
Random Map
Map size
Large (8 player)
Population
200
Speed
Normal
Resources
Standard
Victory
Conquest
Starting age
Dark Age
Ending age
Imperial Age
RankedLock teamsTeams togetherTeam positionsShared explorationLock speedFull tech treeHidden civsTurbo modeCheats
Victory
Defeat
🇷🇴 Varangians · Romania
1321
+15
🇬🇧 Danes · United Kingdom
1288
+16
🇦🇷 Japanese · Argentina
1277
+17
🇷🇴 Slavs · Romania
1167
+21
🇦🇷 Turks · Argentina
1368
-20
🇦🇷 Burmese · Argentina
1367
-20
🇫🇷 Britons · France
1282
-17
🇫🇷 Mongols · France
1157
-12
NotGG
7:15 Loom
8:09 Loom
10:48 Feudal Age
9:07 Loom
14:42 Castle Age
13:40 Double-Bit Axe
18:52 Fletching
24:24 Forging
23:57 Horse Collar
Vige
10:47 Feudal Age
14:51 Castle Age
12:57 Double-Bit Axe
13:14 Horse Collar
15:28 Wheelbarrow
16:19 Bow Saw
17:07 Fervor
21:15 Heavy Plow
24:17 Hand Cart
24:17 Fortified Wall
eXpertS-
10:47 Feudal Age
11:13 Horse Collar
13:26 Loom
17:06 Castle Age
17:27 Double-Bit Axe
17:21 Man-at-Arms
18:42 Squires
18:50 Long Swordsman
19:54 Scale Mail Armor
21:55 Wheelbarrow
22:24 Forging
El Mikalos
10:33 Feudal Age
15:51 Castle Age
14:03 Double-Bit Axe
13:58 Horse Collar
16:28 Loom
17:50 Fletching
18:32 Bow Saw
23:20 Arson
Blondie
11:08 Feudal Age
15:11 Castle Age
13:08 Double-Bit Axe
13:44 Horse Collar
16:26 Heavy Plow
16:47 Bow Saw
BlueStaR
12:46 Feudal Age
13:55 Double-Bit Axe
14:13 Horse Collar
14:55 Stone Mining
17:17 Castle Age
15:20 Gold Mining
19:31 Heavy Plow
19:43 Bow Saw
20:14 Wheelbarrow
Element
10:37 Feudal Age
14:46 Castle Age
14:09 Horse Collar
14:58 Loom
15:56 Fletching
16:06 Padded Archer Armor
18:01 Bodkin Arrow
Vinci_PL
9:36 Feudal Age
10:03 Double-Bit Axe
9:59 Horse Collar
14:55 Wheelbarrow
18:33 Castle Age
17:03 Loom
22:50 Imperial Age
20:41 Bow Saw
20:36 Town Watch
Connection lost

Rejoining the realm…

Still unreachable

The connection could not be restored.

Session expired

The server has moved on; the page needs a fresh start.